 Dungeon Crawl Stone Soup version 0.18-a0-1203-gbde16db (webtiles) character file.

81 Ghalim the Conjurer (level 4, -2/29 HPs)
             Began as a Gargoyle Conjurer on Feb 1, 2016.
             Slain by an orc priest
             ... wielding a +0 hand axe
              (5 damage)
             ... on level 3 of the Dungeon.
             The game lasted 00:07:31 (3362 turns).

Ghalim the Conjurer (Gargoyle Conjurer)             Turns: 3362, Time: 00:07:31

Health: -2/29      AC:  6    Str: 13    XL:     4   Next: 40%
Magic:  5/7        EV: 12    Int: 15    God:
Gold:   124        SH:  0    Dex: 10    Spells: 1 memorised, 6 levels left

rFire  . . .     SeeInvis .     i - -1 club (curse)
rCold  . . .     Gourm    .     a - +1 robe
rNeg   + . .     Faith    .     (no shield)
rPois  ∞         Spirit   .     (no helmet)
rElec  +         Dismiss  .     (no cloak)
rCorr  .         Reflect  .     (no gloves)
SustAt .         Harm     .     (no boots)
MR     .....                    (no amulet)
Stlth  ++........               (no ring)
                                (no ring)

@: not resistant to hostile enchantments, unstealthy
A: negative energy resistance 1, electricity resistance, unbreathing,
petrification resistance, rot immunity, AC +3
a: no special abilities


You were on level 3 of the Dungeon.
You were hungry.

You visited 1 branch of the dungeon, and saw 3 of its levels.

You collected 124 gold pieces.

Inventory:

Hand Weapons
 g - a +1 club
 i - a cursed -1 club (weapon)
Armour
 a - a +1 robe (worn)
Jewellery
 d - an uncursed ring of see invisible {unknown}
Wands
 l - a wand of fireball (15/15)
Scrolls
 f - a scroll of amnesia
 h - 2 scrolls of teleportation
 j - a scroll of remove curse {unknown}
 k - a scroll of identify
 o - a scroll of enchant weapon
Potions
 m - a potion of lignification
 n - 3 potions of brilliance
 p - a potion of invisibility {unknown}
Books
 b - a book of Conjurations

   Spells                             Type                      Level
   a - Magic Dart                     Conjuration                  1
   b - Searing Ray                    Conjuration                  2
   c - Dazzling Spray                 Conjuration/Hexes            3
   d - Fulminant Prism                Conjuration/Hexes            4
   e - Iskenderun's Mystic Blast      Conjuration                  4
   f - Iskenderun's Battlesphere      Conjuration/Charms           5
Comestibles
 c - 2 bread rations


   Skills:
 - Level 3.9 Fighting
 + Level 1.2 Maces & Flails
 - Level 1.5 Dodging
 - Level 2.1 Stealth
 - Level 2.0 Spellcasting
 - Level 4.3 Conjurations


You had 6 spell levels left.
You knew the following spells:

 Your Spells              Type           Power        Failure   Level  Hunger
a - Magic Dart            Conj           ##..         4%          1    #......


Dungeon Overview and Level Annotations

Branches:
Dungeon (3/15)

Altars:
Ashenzari
Dithmenos
Gozag


Innate Abilities, Weirdness & Mutations

You are resistant to torment.
Your stone body is resilient (AC +3).
You are immune to poison.
You resist negative energy.
You are resistant to electric shocks.
You can survive without breathing.
You are immune to petrification.
You are immune to rotting.


Message History

You barely miss the orc priest.
The orc priest hits you but does no damage.
You hit the orc priest.
The orc priest is lightly wounded.
The orc priest hits you but does no damage.
You hit the orc priest.
The orc priest is lightly wounded.
The orc priest hits you with a hand axe.
You hit the orc priest.
The orc priest is moderately wounded.
The orc priest barely misses you.
The orc priest hits you with a hand axe.
You closely miss the orc priest.
The orc priest is moderately wounded.
The orc priest hits you with a hand axe.
* * * LOW HITPOINT WARNING * * *
You barely miss the orc priest.
The orc priest is moderately wounded.
The orc priest hits you with a hand axe.
You die...

..)...# #.#
......#####.######
#..).........)...#
#..##.#####.####.#
......# #.####.#
#.##### #.#....#
#.# #.#.##.# #.#
#.#.##.# .#
#.....@# ##..##o#
#. #.. # ####


You could see an orc priest.

Vanquished Creatures
  2 adders (D:2)
  An ooze (D:3)
  A worm (D:2)
  6 giant geckos
  3 orcs (D:3)
  A giant cockroach (D:2)
  3 goblins
  8 hobgoblins
  2 jackals (D:1)
  5 kobolds
  A ball python (D:2)
  5 bats
  2 giant newts
  4 rats
44 creatures vanquished.

Notes
Turn   | Place    | Note
--------------------------------------------------------------
     0 | D:1      | Ghalim the Gargoyle Conjurer began the quest for the Orb.
     0 | D:1      | Reached XP level 1. HP: 10/10 MP: 3/3
   212 | D:1      | Reached skill level 1 in Fighting
   316 | D:1      | You fall through a shaft!
   342 | D:2      | Found an opulent altar of Gozag.
   342 | D:2      | Found a shattered altar of Ashenzari.
   425 | D:2      | Reached XP level 2. HP: 17/17 MP: 1/5
  1144 | D:1      | Reached XP level 3. HP: 22/22 MP: 4/6
  1478 | D:2      | Found a shadowy altar of Dithmenos.
  2488 | D:2      | Reached XP level 4. HP: 8/29 MP: 0/7
  3110 | D:3      | Reached skill level 1 in Maces & Flails
  3362 | D:3      | Slain by an orc priest

Vault maps used:
D:1:      lightli_arrival_statuegarden, minmay_misc_feat_pillars,
          serial_bayou_crossing
D:2:      gammafunk_temple_overflow_elements, interstate_on_off,
          nrook_loot_triangle, nicolae_dithmenos_through_a_glass_darkly
D:3:      first_bread

Action                   |  1- 3 |  4- 6 || total
-------------------------+-------+-------++-------
Melee: Unarmed           |    18 |       ||    18
       Hand axe          |    11 |       ||    11
       Club              |    37 |    39 ||    76
 Cast: Magic Dart        |    71 |    25 ||    96
  Use: Scroll            |     4 |     4 ||     8
       Potion            |       |     1 ||     1
 Stab: Sleeping          |       |     1 ||     1
  Eat: Chunk             |     4 |       ||     4
       Meat ration       |     1 |       ||     1
